 Dungeon Crawl Stone Soup version 0.21-a0-531-gacddea6 (webtiles) character file.

1989 kae the Fighter (level 9, -4/97 HPs)
             Began as an Ogre Fighter on Dec 13, 2017.
             Was a Believer of Okawaru.
             Slain by a gnoll
             ... wielding a +0 club
              (10 damage)
             ... on level 7 of the Dungeon.
             The game lasted 00:07:25 (7765 turns).

kae the Fighter (Ogre Fighter)                      Turns: 7765, Time: 00:07:25

Health: -4/97      AC:  3    Str: 25    XL:     9   Next: 21%
Magic:  10/11      EV: 13    Int:  9    God:    Okawaru [**....]
Gold:   234        SH:  0    Dex:  8    Spells: 8/8 levels left

rFire    . . .     SeeInvis .   B - +0 giant club
rCold    . . .     Gourm    .   (shield currently unavailable)
rNeg     . . .     Faith    .   b - +0 robe
rPois    .         Spirit   .   (helmet restricted)
rElec    .         Reflect  .   (no cloak)
rCorr    .         Harm     .   (gloves unavailable)
MR       .....                  (boots unavailable)
Stlth    ++........             (no amulet)
HPRegen  0.26/turn              (no ring)
MPRegen  0.12/turn              (no ring)

@: heroism, drained
A: large, unfitting armour, tough skin 1
a: Heroism, Renounce Religion


You were on level 7 of the Dungeon.
You worshipped Okawaru.
Okawaru was pleased with you.
You were very hungry.

You visited 1 branch of the dungeon, and saw 8 of its levels.
You also visited: Sewer.

You collected 234 gold pieces.

Inventory:

Hand Weapons
 a - a +0 flail
 s - a +3 flail of protection
 B - a +0 giant club (weapon)
Armour
 b - a +0 robe (worn)
 c - a +0 shield
Jewellery
 y - a +2 amulet of reflection {unknown}
Wands
 k - a wand of acid (13)
 n - a wand of digging (18)
Scrolls
 e - 4 scrolls of magic mapping
 g - 3 scrolls of remove curse
 m - 4 scrolls of identify
 q - a scroll of fear {unknown}
 t - 5 scrolls of teleportation {unknown}
 v - 2 scrolls of blinking {unknown}
 w - a scroll of fog
Potions
 d - 2 potions of might
 j - 2 potions of invisibility
 l - a potion of lignification
 o - 3 potions of brilliance
 p - a potion of berserk rage
 r - 2 potions of curing
 u - a potion of heal wounds
 z - a potion of flight {unknown}
 A - a potion of ambrosia {unknown}
Books
 x - a book of Necromancy

   Spells                             Type                      Level
   a - Pain                           Necromancy                   1
   b - Animate Skeleton               Necromancy                   1
   c - Vampiric Draining              Necromancy                   3
   d - Regeneration                   Charms/Necromancy            3
   e - Animate Dead                   Necromancy                   4
   f - Control Undead                 Necromancy                   4
Comestibles
 f - 3 bread rations
 h - 12 fruits
 i - 2 royal jellies


   Skills:
 + Level 8.3(12.3) Fighting
 * Level 7.5(11.5) Maces & Flails
 + Level 5.7(9.8) Dodging
 - Level 2.7(6.8) Shields
 + Level 3.6(2.8) Invocations


You had 8 spell levels left.
You didn't know any spells.

Dungeon Overview and Level Annotations

Branches:
Dungeon (8/15)             Temple (0/1) D:5
   Lair: D:8-11

Altars:
Hepliaklqana
Kikubaaqudgha
Makhleb
Okawaru
Qazlal
Ru
Uskayaw
Wu Jian
Xom
Yredelemnul


Innate Abilities, Weirdness & Mutations

You are too large for most types of armour.
You have tough skin. (AC +1)


Message History

You thump the bullfrog!
The bullfrog is severely wounded.
The bullfrog hits you.
* * * LOW HITPOINT WARNING * * *
The gnoll hits you with a club!
* * * LOW HITPOINT WARNING * * *
The bullfrog hits you.
* * * LOW HITPOINT WARNING * * *
You barely miss the gnoll. The bullfrog barely misses you.
The gnoll closely misses you.
You barely miss the bullfrog.
The bullfrog is severely wounded.
The bullfrog closely misses you. The bullfrog hits you.
* * * LOW HITPOINT WARNING * * *
The gnoll closely misses you.
You flatten the bullfrog like a pancake!!!
You kill the bullfrog!
Okawaru accepts your kill. The gnoll hits you with a club!
You die...

###############
#.............#
#.............########
#.............##......
#.............##......
#.............##......
#...g.†.......##......
#....@........##......
##....†..#######......
#.#.........# #......
####.####'#....###......
#........>..............
#.##.###................
#.....##..#...####......
#####.....#...# #(.....
#.###'#...####......


You could see a gnoll.

Vanquished Creatures
  Prince Ribbit (D:7)
  Eustachio (D:4)
  Edmund (D:5)
  An ogre (D:7)
  2 bullfrogs (D:7)
  4 wights (D:7)
  2 howler monkeys
  2 crimson imps (D:7)
  5 hounds
  A jelly (D:5)
  A centaur skeleton (D:4)
  2 orc priests (D:4)
  9 orc wizards
  2 iguanas (D:7)
  4 worker ants
  A hound zombie (D:7)
  Robin (D:2)
  4 gnolls
  A howler monkey skeleton (D:5)
  8 adders
  7 river rats
  An adder skeleton (D:4)
  5 worms
  A dart slug (D:4)
  2 leopard geckos
  14 orcs
  7 bats
  5 giant cockroaches
  13 goblins
  6 hobgoblins
  5 jackals
  7 quokkas
  4 ball pythons
  11 frilled lizards
  6 kobolds
  A quokka zombie (D:5)
  27 rats
175 creatures vanquished.

Notes
Turn   | Place    | Note
-------+----------+-------------------------------------------
     0 | D:1      | kae the Ogre Fighter began the quest for the Orb.
     0 | D:1      | Reached XP level 1. HP: 24/24 MP: 1/1
   133 | D:1      | Reached XP level 2. HP: 24/32 MP: 2/2
   647 | D:2      | Noticed Robin
  1036 | D:2      | Reached XP level 3. HP: 34/40 MP: 3/3
  1090 | D:2      | HP: 1/40 [orc wizard/magic dart (6)]
  1113 | D:2      | Reached XP level 4. HP: 30/49 MP: 4/4
  1371 | D:1      | HP: 2/49 [poisoned by an adder]
  1720 | D:2      | Reached XP level 5. HP: 47/55 MP: 5/5
  1728 | D:1      | Reached skill level 5 in Fighting
  1801 | D:2      | Found an ancient bone altar of Kikubaaqudgha.
  1801 | D:2      | Found a stormy altar of Qazlal.
  1815 | D:2      | Found a shimmering altar of Xom.
  1975 | D:2      | Found a sacrificial altar of Ru.
  1981 | D:2      | Killed Robin
  2237 | D:2      | Reached XP level 6. HP: 42/66 MP: 6/6
  2777 | D:3      | Found an iron altar of Okawaru.
  2790 | D:3      | Became a worshipper of Warmaster Okawaru
  3387 | D:4      | Noticed Eustachio
  3508 | D:4      | Killed Eustachio
  3508 | D:4      | Reached skill level 6 in Fighting
  3508 | D:4      | Reached XP level 7. HP: 36/75 MP: 7/7
  3755 | D:3      | Reached skill level 5 in Maces & Flails
  4244 | D:4      | Found a hide-covered altar of Uskayaw.
  4644 | D:4      | Reached * piety under Okawaru
  4847 | D:4      | Found a burning altar of Makhleb.
  5363 | D:5      | Entered Level 5 of the Dungeon
  5431 | D:5      | Found a staircase to the Ecumenical Temple.
  5580 | D:5      | Noticed Edmund
  5605 | D:5      | Killed Edmund
  5605 | D:5      | Reached skill level 7 in Fighting
  5605 | D:5      | Reached XP level 8. HP: 19/87 MP: 4/8
  5607 | D:5      | Reached skill level 1 in Invocations
  5800 | D:5      | Found a glowing drain.
  5828 | Sewer    | Entered a sewer
  6116 | Sewer    | Reached skill level 5 in Dodging
  6538 | D:6      | You fall through a shaft!
  6548 | D:7      | Noticed Prince Ribbit
  6613 | D:7      | Killed Prince Ribbit
  6734 | D:7      | Found a basalt altar of Yredelemnul.
  6769 | D:7      | Found an ornate altar of the Wu Jian Council.
  6882 | D:7      | Found a hazy altar of Hepliaklqana.
  7015 | D:7      | Reached skill level 8 in Fighting
  7020 | D:7      | Reached XP level 9. HP: 35/96 MP: 8/11
  7024 | D:7      | Reached ** piety under Okawaru
  7765 | D:7      | Slain by a gnoll

Vault maps used:
D:1:      dpeg_arrival_tiny_a
D:2:      grunt_temple_overflow_open, nicolae_ru_great_annihilating_truth,
          xom_teletrap_fun, uniq_robin
D:3:      nicolae_overflow_crystal_walls
D:4:      cheibrodos_quashed, old_standard_altar,
          eat_drink_and_be_merry_uskayaw, uniq_eustachio
D:5:      minmay_temple_entry_mist, portal_sewer_entry_a, first_bread,
          uniq_edmund
D:6:      uniq_grinder
D:7:      kennysheep_mini, marbit_many_paths, lemuel_coloured_pillars_altar,
          uniq_prince_ribbit1
D:8:      hangedman_little_slice_of_home, hangedman_tree_tricks
Sewer:    sewer_co_cracked_pipes

Skill      XL: |  1  2  3  4  5  6  7  8 |
---------------+-------------------------+-----
Maces & Flails | 2 3 4 6 7 |  7.5
Dodging        | 3 4 5 |  5.7
Fighting       | 5 6 7 8 |  8.3
Invocations    | 3 |  3.6
Shields        | |  2.7

Action                   |  1- 3 |  4- 6 |  7- 9 || total
-------------------------+-------+-------+-------++-------
Melee: Flail             |    98 |   262 |   371 ||   731
       Giant club        |       |       |    14 ||    14
Invok: Heroism           |       |       |    10 ||    10
  Use: Potion            |     3 |       |       ||     3
       Scroll            |       |     5 |     4 ||     9
 Stab: Paralysed         |       |     1 |       ||     1
       Sleeping          |       |       |     1 ||     1
  Eat: Chunk             |     1 |     7 |    12 ||    20
       Fruit             |       |       |     2 ||     2
Armor: Robe              |    25 |    79 |    57 ||   161
Dodge: Dodged            |    34 |   110 |   152 ||   296
Block: Shield            |    50 |   134 |   139 ||   323

Table legend:
 A = Spawn XP
 B = Non-spawn XP
 C = Spawn XP percentage of total XP
 D = Spawn monster count
 E = Non-spawn monster count
 F = Spawn count percentage of total count
 G = Total turns spent on level
                    A         B        C        D         E        F      G
               +---------+---------+-------+---------+---------+-------+---------
         Total |       0 |    2842 |   0.0 |       0 |     175 |   0.0 |  7765
               +---------+---------+-------+---------+---------+-------+---------
           D:1 |       0 |      39 |   0.0 |       0 |      17 |   0.0 |  1422
           D:2 |       0 |     280 |   0.0 |       0 |      37 |   0.0 |  1026
           D:3 |       0 |     161 |   0.0 |       0 |      32 |   0.0 |  1254
           D:4 |       0 |     641 |   0.0 |       0 |      23 |   0.0 |  1661
           D:5 |       0 |     287 |   0.0 |       0 |      12 |   0.0 |   803
           D:6 |       0 |      73 |   0.0 |       0 |       2 |   0.0 |    52
           D:7 |       0 |    1259 |   0.0 |       0 |      24 |   0.0 |  1200
         Sewer |       0 |     102 |   0.0 |       0 |      28 |   0.0 |   345
               +---------+---------+-------+---------+---------+-------+---------
